 Dungeon Crawl Stone Soup version 0.14-a0-848-g57a047c (webtiles) character file.

6332 4tharraofdagon the Spear-Bearer (level 10, -1/76 HPs)
             Began as a Merfolk Gladiator on Nov 14, 2013.
             Was a High Priest of Makhleb.
             Killed from afar by an orc wizard (6 damage)
             ... with a puff of flame
             ... on Level 12 of the Dungeon.
             The game lasted 00:32:19 (4587 turns).

4tharraofdagon the Spear-Bearer (Merfolk Gladiator) Turns: 4587, Time: 00:32:20

HP  -1/76        AC 28     Str 20      XL: 10   Next: 94%
MP  17/17        EV  8     Int  8      God: Makhleb [*****.]
Gold 57          SH  0     Dex 15      Spells:  0 memorised,  9 levels left

Res.Fire  : . . .   See Invis. : +   q - +1,+0 halberd
Res.Cold  : . . .   Warding    : .   Q - +7 plate armour {ponderous}
Life Prot.: . . .   Conserve   : .   (no shield)
Res.Poison: .       Res.Corr.  : .   c - +0 helmet
Res.Elec. : .       Clarity    : .   T - +0 cloak
Sust.Abil.: . .     Spirit.Shd : .   b - +0 pair of gloves (curse)
Res.Mut.  : .       Stasis     : .   I - +0 pair of dwarf boots
Res.Rott. : .       Flight     : .   y - amulet of the gourmand
Gourmand  : +                        L - ring of see invisible
                                     r - +3 ring of evasion

@: slow, somewhat resistant to hostile enchantments, extremely unstealthy
A: change form in water, swift swim, spit poison 1, AC +4, Str +2
a: Spit Poison, Minor Destruction, Lesser Servant of Makhleb, Major Destruction,
Greater Servant of Makhleb, Renounce Religion


You were on level 12 of the Dungeon.
You worshipped Makhleb.
Makhleb was extremely pleased with you.
You were very full.

You visited 1 branch of the dungeon, and saw 12 of its levels.
You also visited: Labyrinth.

You collected 288 gold pieces.
You spent 231 gold pieces at shops.

Inventory:

Hand weapons
 a - a +0,+0 trident
 e - a +0 blowgun
 n - a +1,-2 elven trident
 o - the +10,+7 bardiche of Imminent Death {pain, rC++, unknown}
   (You acquired it on level 12 of the Dungeon)

   In the hands of one skilled in necromantic magic, it inflicts extra damage on
   living creatures.
   It greatly protects you from cold.
 q - a +1,+0 halberd (weapon)
 w - a +2,+0 spear
Missiles
 t - an exploding dart (quivered)
Armour
 b - a cursed +0 pair of gloves (worn)
 c - a +0 helmet (worn)
 E - a +0 cap of intelligence
 H - the +2 ring mail of Awe {Dam+2}
   (You found it in a labyrinth)

   It affects your damage-dealing abilities (+2).
 I - a +0 pair of dwarven boots (worn)
 Q - a +7 plate armour of ponderousness (worn)
 T - a +0 cloak (worn)
 Z - the +4 pair of gloves of Thaxy {Str-5}
   (You bought it in a shop on level 6 of the Dungeon)

   It affects your strength (-5).
Magical devices
 k - a wand of slowing (16)
 N - a wand of random effects (13)
 P - a wand of frost (13)
 S - a wand of magic darts (12)
 V - a wand of slowing (8)
Comestibles
 f - 2 bread rations
 l - a meat ration
 F - a pear
Scrolls
 d - a scroll of enchant armour
 j - a scroll of random uselessness
 p - 2 scrolls of curse weapon {unknown}
 u - a scroll of enchant weapon II
 z - a scroll of curse armour
 A - a scroll of enchant weapon I
 C - a scroll of curse jewellery
 Y - a scroll of remove curse
Jewellery
 g - an uncursed ring of hunger {unknown}
 r - a +3 ring of evasion (left hand)
 v - an uncursed ring of wizardry
 y - an amulet of the gourmand (around neck)
 J - an uncursed amulet of stasis
 L - a ring of see invisible (right hand)
Potions
 i - a potion of poison
 m - 2 potions of restore abilities
Books
 h - the Catalogue of the Toxic Traveller
   (You found it in a labyrinth)

   Spells                             Type                      Level
   Portal Projectile                  Translocation                2
   Poison Weapon                      Charms/Poison                3
   Recall                             Summoning/Translocation      3
   Teleport Other                     Translocation                3
   Spider Form                        Transmutation/Poison         3
   Phase Shift                        Translocation                5
   Dispersal                          Translocation                6
   Controlled Blink                   Translocation                7
 G - a book of Burglary

   Spells                             Type                      Level
   Apportation                        Translocation                1
   Swiftness                          Charms/Air                   2
   Passwall                           Transmutation/Earth          3
   Passage of Golubria                Translocation                4
   Lee's Rapid Deconstruction         Earth                        5
   Darkness                           Hexes                        7
 M - a Necronomicon {highlevel}

   This book is beyond your current level of understanding.

   Spells                             Type                      Level
   Haunt                              Necromancy/Summoning         7
   Borgnjor's Revivification          Necromancy                   8
   Death's Door                       Charms/Necromancy            8
   Necromutation                      Transmutation/Necromancy     8
 R - the Grimoire of Clay
   (You found it in a labyrinth)

   Spells                             Type                      Level
   Sandblast                          Earth                        1
   Stoneskin                          Transmutation/Earth          2
   Stone Arrow                        Conjuration/Earth            3
   Leda's Liquefaction                Hexes/Earth                  4
   Petrify                            Transmutation/Earth          4
   Lee's Rapid Deconstruction         Earth                        5
   Iron Shot                          Conjuration/Earth            6
   Shatter                            Earth                        9
 U - Pnorusukk's Disquisition on Destructive Hexes
   (You found it in a labyrinth)

   Spells                             Type                      Level
   Corona                             Hexes                        1
   Ensorcelled Hibernation            Hexes/Ice                    2
   Sure Blade                         Hexes/Charms                 2
   Dazzling Spray                     Conjuration/Hexes            3
   Enslavement                        Hexes                        4
   Leda's Liquefaction                Hexes/Earth                  4
   Fulminant Prism                    Conjuration/Hexes            5
   Tukima's Dance                     Hexes                        5
Miscellaneous
 W - a phial of floods (inert)


   Skills:
 + Level 7.5 Fighting
 * Level 13.9 Polearms
 - Level 2.0 Throwing
 + Level 5.1 Armour
 + Level 9.4 Dodging
 - Level 3.4 Invocations
 + Level 4.9 Evocations


You had 9 spell levels left.
You didn't know any spells.

Dungeon Overview and Level Annotations

Branches:
Dungeon (12/16)            Temple (0/1) D:4             Orc (0/4) D:9
   Lair: D:8-13

Altars:
Cheibriados
Fedhas
Makhleb
the Shining One

Shops:
D:4 !(*   D:6 [

Annotations:
D:11 Nergalle


Innate Abilities, Weirdness & Mutations

You revert to your normal form in water.
You are very nimble and swift while swimming.
You are partially covered in iridescent scales (AC +4).
You can spit poison.
Your muscles are strong. (Str +2)


Message History

Unknown command.
Evoke which item? (* to show all) (? for menu, Esc to quit)
Okay, then.
Read which item? (? for menu, Esc to quit)
Okay, then.
Read which item? (? for menu, Esc to quit)
As you read the scroll of fog, it crumbles to dust.
The scroll dissolves into smoke.
The orc warrior hits you but does no damage.
The orc hits you but does no damage.
Unknown command.
The orc barely misses you.
The orc warrior hits you but does no damage.
The orc wizard gestures wildly while chanting.
The orc wizard blinks!
The orc wizard barely misses you.
The orc wizard points at you and mumbles some strange words.
The puff of flame hits you!
One of your 2 scrolls of remove curse catches fire!
You die...

####################
#......o..§§§§..o.o.
#......o.o§§§§.oo...
#.....o...§§§§......
##########...o.oo..§.§.......
#........'..@....§.§.........
#.########........§.§........
#...................
#..............(...(
#...<.............(.
#...................
#...................
#...................
+...................


You could see an orc warrior, an orc priest, 2 orc wizards and 3 orcs.

Vanquished Creatures
  A minotaur (Lab)
  Joseph (D:11)
  A troll (D:10)
  A two-headed ogre (D:11)
  3 yaks (D:10)
  4 hippogriffs
  2 hungry ghosts
  A necrophage (D:9)
  2 manticores (D:10)
  A sky beast (D:7)
  A black bear (D:7)
  An orc warrior (D:11)
  2 phantoms
  2 ogres
  4 centaurs
  2 big kobolds (D:9)
  2 giant frogs
  10 killer bees
  3 wights (D:11)
  A goliath beetle (D:7)
  2 giant frog zombies
  5 crimson imps
  A jelly (D:8)
  A yellow wasp zombie (D:11)
  2 quasits
  2 hounds
  A scorpion (D:8)
  2 worker ants
  3 orc wizards
  A mottled dragon zombie (D:12)
  A killer bee zombie (D:9)
  A hound skeleton (D:7)
  2 worker ant zombies
  4 gnolls
  4 adders
  A white imp (D:11)
  A goliath beetle zombie (D:6)
  2 giant eyeballs
  3 giant geckos
  2 oozes
  18 orcs
  A ball python (D:1)
  13 bats
  4 giant cockroaches
  6 goblins
  10 hobgoblins
  6 jackals (D:4)
  17 kobolds
  7 giant newts
  A giant newt skeleton (D:5)
  A goblin zombie (D:5)
  A kobold skeleton (D:7)
  A kobold zombie (D:6)
  An orc zombie (D:9)
  3 quokkas
  10 rats
  2 ballistomycetes (D:7)
188 creatures vanquished.

Vanquished Creatures (collateral kills)
  2 trolls
  2 centaurs (D:12)
  2 wights (D:11)
6 creatures vanquished.

Vanquished Creatures (others)
  A shadow imp (D:11)
  An orc (D:11)
  A giant spore (D:7)
3 creatures vanquished.

Grand Total: 197 creatures vanquished

Notes
Turn   | Place    | Note
--------------------------------------------------------------
     0 | D:1      | 4tharraofdagon, the Merfolk Gladiator, began the quest for the Orb.
     0 | D:1      | Reached XP level 1. HP: 17/17 MP: 0/0
    34 | D:2      | Reached XP level 2. HP: 20/23 MP: 1/1
   125 | D:2      | Reached skill level 5 in Polearms
   161 | D:2      | Reached XP level 3. HP: 28/28 MP: 2/2
   242 | D:3      | Found a burning altar of Makhleb.
   263 | D:3      | Became a worshipper of Makhleb the Destroyer
   427 | D:2      | Acquired Makhleb's first power
   470 | D:1      | Reached skill level 1 in Armour
   489 | D:1      | Reached XP level 4. HP: 15/35 MP: 3/3
   737 | D:4      | Found a staircase to the Ecumenical Temple.
   754 | D:4      | Found Fahaer's General Store.
   755 | D:4      | Acquired Makhleb's second power
   783 | D:4      | Found Cubaf's Distillery.
   783 | D:4      | Found Strebudi's Weapon Boutique.
   850 | D:4      | Bought a +0,+0 halberd for 57 gold pieces
   903 | D:4      | Reached skill level 6 in Polearms
   903 | D:4      | Reached XP level 5. HP: 38/40 MP: 4/4
  1091 | D:5      | Entered Level 5 of the Dungeon
  1117 | D:5      | Reached skill level 5 in Dodging
  1140 | D:5      | Acquired Makhleb's third power
  1292 | D:6      | Got a faintly humming leather armour
  1296 | D:6      | Reached skill level 7 in Polearms
  1296 | D:6      | Reached XP level 6. HP: 47/47 MP: 5/5
  1317 | D:6      | Identified the cursed +2 leather armour "Foxtien" {rF+ SInv} (You found it on level 6 of the Dungeon)
  1404 | D:6      | Found Mnyofy's Antique Armour Emporium.
  1404 | D:6      | Noticed a phantom
  1435 | D:6      | Killed a phantom
  1435 | D:6      | Reached XP level 7. HP: 51/53 MP: 6/6
  1449 | D:6      | Bought a glowing cap for 50 gold pieces
  1463 | D:6      | Noticed an ogre
  1472 | D:6      | Killed an ogre
  1472 | D:6      | Reached skill level 8 in Polearms
  1504 | D:6      | Found a burning altar of Makhleb.
  1582 | D:7      | Noticed a hippogriff
  1592 | D:7      | Killed a hippogriff
  1640 | D:7      | Reached skill level 9 in Polearms
  1665 | D:7      | Noticed a hippogriff
  1679 | D:7      | Reached XP level 8. HP: 41/60 MP: 7/7
  1687 | D:7      | Killed a hippogriff
  1800 | D:7      | Noticed a hippogriff
  1813 | D:7      | Killed a hippogriff
  1813 | D:7      | Reached skill level 5 in Fighting
  1997 | D:8      | Reached skill level 10 in Polearms
  2200 | D:9      | Reached skill level 11 in Polearms
  2200 | D:9      | Reached XP level 9. HP: 67/67 MP: 8/8
  2262 | D:9      | Acquired Makhleb's fourth power
  2264 | D:9      | Found a blossoming altar of Fedhas.
  2535 | D:9      | Found a staircase to the Orcish Mines.
  2556 | D:10     | Entered Level 10 of the Dungeon
  2623 | D:10     | Reached skill level 1 in Invocations
  2623 | D:10     | Reached skill level 1 in Evocations
  2665 | D:11     | Found a labyrinth entrance.
  2672 | Lab      | Entered a labyrinth
  2816 | Lab      | Found an exit through the horrors of the Abyss.
  2839 | Lab      | Noticed a minotaur
  2902 | Lab      | Killed a minotaur
  2902 | Lab      | Reached skill level 12 in Polearms
  2928 | Lab      | Identified the Catalogue of the Toxic Traveller (You found it in a labyrinth)
  2931 | Lab      | Got a brightly glowing ring mail
  2934 | Lab      | Identified the Grimoire of Clay (You found it in a labyrinth)
  2937 | Lab      | Identified Pnorusukk's Disquisition on Destructive Hexes (You found it in a labyrinth)
  2964 | D:11     | Identified the cursed +2 ring mail of Awe {Dam+2} (You found it in a labyrinth)
  3023 | D:11     | Reached XP level 10. HP: 49/75 MP: 11/13
  3043 | D:11     | Noticed Joseph
  3064 | D:11     | Killed Joseph
  3518 | D:10     | Reached skill level 13 in Polearms
  3639 | D:11     | Noticed Nergalle
  3640 | D:11     | omfg:(
  3760 | D:9      | Acquired Makhleb's fifth power
  3839 | D:8      | Paralysed by a giant eyeball for 4 turns
  3906 | D:7      | Found a snail-covered altar of Cheibriados.
  3941 | D:7      | Paralysed by a giant eyeball for 2 turns
  3989 | D:7      | Found a glowing golden altar of the Shining One.
  4083 | D:6      | Bought a pair of ichor-stained gloves for 124 gold pieces
  4084 | D:6      | Identified the +4 pair of gloves of Thaxy {Str-5} (You bought it in a shop on level 6 of the Dungeon)
  4085 | D:6      | :(
  4513 | D:12     | Reached skill level 5 in Armour
  4554 | D:12     | Gained mutation: Your muscles are strong. (Str +2) [potion of mutation]
  4554 | D:12     | Gained mutation: You can spit poison. [potion of mutation]
  4554 | D:12     | Gained mutation: You are partially covered in iridescent scales (AC +4). [potion of mutation]
  4558 | D:12     | Identified a scroll of acquirement
  4559 | D:12     | Got a fine bardiche
  4575 | D:12     | HP: 3/76 [orc wizard/magic dart (2)]
  4579 | D:12     | smite me plz
  4587 | D:12     | Killed from afar by an orc wizard

Action                   |  1- 3 |  4- 6 |  7- 9 | 10-12 || total
-------------------------+-------+-------+-------+-------++-------
Melee: Trident           |    91 |    66 |     3 |       ||   160
       Halberd           |       |   123 |   273 |   303 ||   699
Throw: Throwing net      |     8 |     1 |     2 |       ||    11
Invok: Lesser Servant of |       |       |     1 |     2 ||     3
Evoke: Wand              |       |       |     1 |     2 ||     3
       Miscellaneous     |       |       |       |     1 ||     1
  Use: Scroll            |     2 |     7 |     7 |    10 ||    26
       Potion            |     1 |     1 |     3 |     3 ||     8
 Stab: Held in net/web   |     1 |       |       |       ||     1
